 Dungeon Crawl Stone Soup version 0.31-a0-799-g6bc09d010c (webtiles) character file.

Game seed: 989286813288599841

1654 kae the Cutter (level 9, -3/45 HPs)
             Began as a Kobold Enchanter on Sept 19, 2023.
             Was a Follower of Dithmenos.
             Shot with an arrow by a centaur (13 damage)
             ... on level 6 of the Dungeon.
             The game lasted 00:05:24 (5638 turns).

kae the Cutter (Kobold Enchanter)                   Turns: 5638, Time: 00:05:24

Health: -3/45      AC:  5    Str:  7    XL:     9   Next: 19%
Magic:  16/16      EV: 15    Int: 25    God:    Dithmenos [*.....]
Gold:   320        SH:  0    Dex: 15    Spells: 7/17 levels left

rFire   . . .        f - +3 dagger (venom)
rCold   . . .        (no shield)
rNeg    . . .        b - +1 robe
rPois   .            (no helmet)
rElec   .            l - +0 cloak
rCorr   .            m - +0 pair of gloves
SInv    .            (no boots)
Will    .....        (no amulet)
Stlth   +++++        I - +6 ring of intelligence
HPRegen 0.27/turn    (no ring)
MPRegen 0.15/turn

%: no passive effects
@: wreathed by umbra
A: small, no large weapons, nightstalker 3
a: Renounce Religion


You were on level 6 of the Dungeon.
You worshipped Dithmenos.
Dithmenos was aware of your devotion.
You visited 2 branches of the dungeon, and saw 7 of its levels.

You collected 320 gold pieces.


Innate Abilities, Weirdness & Mutations

You are small and have problems with some larger weapons.
You are completely attuned to the shadows.


   Skills:
 * Level 7.6 Short Blades
 - Level 2.4 Dodging
 + Level 7.1 Stealth
 + Level 4.7 Spellcasting
 * Level 6.5 Hexes
 - Level 3.0 Ice Magic
 + Level 3.1 Invocations


You had 7 spell levels left.
You knew the following spells:

 Your Spells              Type           Power      Damage    Failure   Level
a - Ensorcelled Hibernat  Hex/Ice        58%        N/A       1%          2
b - Confusing Touch       Hex            38%        N/A       1%          3
c - Tukima's Dance        Hex            38%        N/A       1%          3
d - Jinxbite              Hex            76%        N/A       1%          2

Your spell library contained the following spells:

 Spells                   Type           Power      Damage    Failure   Level
 Dazzling Flash           Conj/Hex       44%        N/A       7%          3
 Apportation              Tloc           10%        N/A       9%          1
 Necrotise                Necr           20%        1d5       9%          1
 Summon Small Mammal      Summ           20%        N/A       9%          1
 Alistair's Intoxication  Tmut/Pois      3%         N/A       93%         5

Inventory:

Hand Weapons
 a - a +1 dagger
 f - a +3 dagger of venom (weapon)
   (You took it off a kobold on level 1 of the Dungeon)
Missiles
 d - 43 stones
 h - 10 poisoned darts
 j - 6 boomerangs
Armour
 b - a +1 robe (worn)
 l - a +0 cloak (worn)
   (You took it off Crazy Yiuf on level 2 of the Dungeon)
 m - a +0 pair of gloves (worn)
   (You found it on level 3 of the Dungeon)
Magical Staves
 n - a staff of poison {!a}
   (You found it on level 4 of the Dungeon)
Jewellery
 c - a ring of ice
   (You found it on level 5 of the Dungeon)
 w - the ring "Tiannuzu" {rPois rC+ Will- Dex+6}
   (You found it on level 5 of the Dungeon)

   [ring of dexterity]

   Dex+6:     It affects your dexterity (+6).
   rC+:       It protects you from cold.
   rPois:     It protects you from poison Will-: It decreases your willpower.
 C - a ring of ice
   (You found it on level 2 of the Dungeon)
 I - a +6 ring of intelligence (left hand)
   (You found it on level 1 of the Dungeon)
Wands
 g - a wand of flame (12)
   (You took it off Ijyb on level 4 of the Dungeon)
 k - a wand of digging (8)
   (You found it on level 2 of the Dungeon)
 o - a wand of mindburst (6)
   (You found it on level 4 of the Dungeon)
Scrolls
 q - 2 scrolls of fog
 r - a scroll of enchant armour
 u - a scroll of revelation {unknown}
 y - a scroll of summoning {unknown}
 z - a scroll of fear
Potions
 e - 3 potions of degeneration {unknown}
 i - a potion of magic {unknown}
 p - a potion of cancellation
 s - 2 potions of attraction {unknown}
 t - a potion of lignification {unknown}
 v - 2 potions of invisibility
 x - 2 potions of curing {unknown}

Dungeon Overview and Level Annotations

Branches:
Dungeon (6/15) Zot: 26301  Temple (1/1) D:4 Zot: 5969

Altars:
Cheibriados
Dithmenos
Fedhas
Gozag
Hepliaklqana
Kikubaaqudgha
Makhleb
Okawaru
Qazlal
Trog
Uskayaw
Vehumet
Wu Jian
Xom
Yredelemnul
Zin
The Shining One

Annotations:
D:6 Yorgos's ghost, novice OpSh

.###..#.....
.....#..#### ......
#.....## ........
.#....## #.......
......# ##.......
......# ##........
.....### ##.........
.......####.....h....
###............@.....
#..........#.......
#............c.....
..................
..........##......


You could see a centaur and a hound (very poisoned).


Message History

y - a scroll labelled EBAZXOYWESAO 😎 MP[+3]
Your mp is fully restored (15).
A white imp comes into view.
A white imp is nearby!
A white imp is nearby!
A white imp is nearby!
The helpless white imp fails to defend itself.
You skewer the white imp like a kebab!!!
You kill the white imp!
Dithmenos accepts your kill.
Your Invocations skill increases to level 3!
An adder comes into view.
An adder is nearby!
An adder is nearby!
An adder is nearby!
The helpless adder fails to defend itself.
You spit the adder like a pig!!!
You kill the adder!
Dithmenos accepts your kill.
You see here an adder corpse.
x - 2 fuming white potions (gained 1)
You now have 303 gold pieces (gained 5).
Key pressed, stopping explore.
You now have 320 gold pieces (gained 17).
You see here a scroll of fear.
An ice beast is nearby!
An ice beast is nearby!
Casting: Ensorcelled Hibernation (safe; 1% risk of failure)
Confirm with . or Enter, or press ? or * to list all spells.
Your hands begin to glow red.
The ice beast hits you.
The ice beast freezes you! 😮 HP[-13] MP[-3]
You take 13 damage, and now have 32/45 hp.
MASSIVE DAMAGE!! (PAUSE)
You lost 3 mp, and now have 12/15 mp.
You barely miss the ice beast. The ice beast misses you.
You hit the ice beast but do no damage.
The ice beast appears confused.
The ice beast barely misses you.
You hit the ice beast. 😮 HP[+1] Unknown command.
You hit the ice beast.
The ice beast is poisoned.
The ice beast hits you. The ice beast freezes you!
* * * LOW HITPOINT WARNING * * *
😨 HP[-14]
You take 14 damage, and now have 19/45 hp.
MASSIVE DAMAGE!! (PAUSE)
You completely miss the ice beast. You hit the ice beast but do no damage.
The ice beast closely misses you.
Unknown command.
You hit the ice beast but do no damage. The ice beast misses you.
You hit the ice beast.
The ice beast looks as sick as possible! 😨 MP[+1]
You hit the ice beast. 😨 HP[+1]
The ice beast misses you.
The ice beast hits itself but does no damage.
You hit the ice beast but do no damage. You hit the ice beast.
You barely miss the ice beast.
You kill the ice beast!
Dithmenos accepts your kill. 😨 HP[+1]
z - a scroll of fear 😨 MP[+1] 😨 HP[+1]
Found an escape hatch in the floor. 😎 HP[+23] MP[+2]
Your hp is fully restored (45).
Your mp is fully restored (16).
Found a stone staircase leading up.
Unknown command.
A hound comes into view.
A hound is nearby!
The hound barks!
You hear a shout!
The hound closely misses you.
You hit the hound.
The hound is poisoned.
The hound barely misses you.
You barely miss the hound.
A centaur comes into view.
The hound barely misses you.
You barely miss the hound.
The centaur wields a +0 orcbow.
The centaur shoots an arrow.
The arrow hits you! 😮 HP[-13]
You take 13 damage, and now have 32/45 hp.
MASSIVE DAMAGE!! (PAUSE)
You closely miss the hound. The hound misses you.
The centaur shoots an arrow.
The arrow hits you! 😮 HP[-8]
You take 8 damage, and now have 24/45 hp.
The hound attacks as it pursues you! The hound misses you.
The centaur shoots an arrow.
The arrow hits you!
* * * LOW HITPOINT WARNING * * *
The hound misses you. 😱 HP[-14]
You take 14 damage, and now have 10/45 hp.
MASSIVE DAMAGE!! (PAUSE)
The centaur shoots an arrow.
The arrow barely misses you. The hound barely misses you.
The centaur shoots an arrow.
The arrow hits you!
You die...

Skill      XL: |  1  2  3  4  5  6  7  8  9 |
---------------+----------------------------+-----
Short Blades   | 2 4 5 7 |  7.6
Stealth        | 5 6 7 |  7.1
Spellcasting   | 3 4 |  4.7
Hexes          | 4 5 6 |  6.5
Ice Magic      | 1 2 3 |  3.0
Invocations    | 1 2 3 |  3.1
Dodging        | |  2.4

Action                     |  1- 3 |  4- 6 |  7- 9 || total
---------------------------+-------+-------+-------++-------
  Melee: Dagger            |    61 |   117 |   110 ||   288
         Punch             |       |     2 |     1 ||     3
   Cast: Ensorcelled Hiber |       |    12 |    20 ||    32
         Jinxbite          |       |       |     2 ||     2
         Confusing Touch   |       |       |     4 ||     4
    Use: Scroll            |     4 |     5 |     3 ||    12
         Potion            |       |       |     1 ||     1
   Stab: Sleeping          |    12 |    16 |    21 ||    49
         Confused          |       |       |     2 ||     2
 Armour: Robe              |    11 |    30 |    61 ||   102
  Dodge: Dodged            |    45 |    67 |    98 ||   210

Levels and vault maps discovered:
D:1:      saegor_arrival_simple_e, layout_basic
D:2:      layout_basic, shapermc_ecumenical_altar_mp_vishouse, basic_altar,
          uniq_sigmund, uniq_crazy_yiuf_cottage
D:3:      layout_basic, pdpol_wu_jian_five_deadly_venoms, serial_forest,
          infiniplex_forest_lined_2, infiniplex_forest_corner_1,
          infiniplex_forest_end_1, infiniplex_forest_pool,
          infiniplex_forest_end_2, infiniplex_forest_zigzag_1,
          infiniplex_forest_end_2, infiniplex_forest_lined_4_way,
          minmay_misc_feat_five, nicolae_kite_square_tiling_tiny, nrook_campfire
D:4:      layout_rooms, mainiacjoe_overflow_alcove_1, minmay_temple_entry_wispy,
          due_unseen_surprise, uniq_ijyb
D:5:      layout_loops_ring, minmay_ruined_shrine
D:6:      layout_layer_cave, nemelex_spade_bored_becter,
          hellmonk_ghost_happy_afterlife
Temple:   hellmonk_temple_divided_pantheon

Notes
Turn   | Place    | Note
-------+----------+-------------------------------------------
     0 | D:1      | kae the Kobold Enchanter began the quest for the Orb.
     0 | D:1      | Reached XP level 1. HP: 10/10 MP: 3/3
     0 | D:1      | magus.rc [v1.11.3]
   179 | D:1      | Reached XP level 2. HP: 12/15 MP: 5/5
   184 | D:1      | Reached skill level 2 in Short Blades
   466 | D:1      | Learned a level 2 spell: Ensorcelled Hibernation
   969 | D:2      | Reached XP level 3. HP: 19/19 MP: 6/6
  1124 | D:2      | Found a blossoming altar of Fedhas.
  1357 | D:2      | Noticed Sigmund
  1359 | D:2      | Killed Sigmund
  1360 | D:2      | Reached skill level 4 in Short Blades
  1360 | D:2      | Reached skill level 5 in Stealth
  1360 | D:2      | Reached skill level 3 in Spellcasting
  1360 | D:2      | Reached skill level 4 in Hexes
  1360 | D:2      | Reached skill level 1 in Ice Magic
  1360 | D:2      | Reached XP level 4. HP: 24/24 MP: 6/8
  1360 | D:2      | Reached XP level 5. HP: 28/28 MP: 6/9
  1425 | D:2      | Reached XP level 6. HP: 32/32 MP: 10/10
  1500 | D:2      | You pick up a book of Cantrips and begin reading...
  1500 | D:2      | You add the spells Necrotise, Summon Small Mammal and
                  | Apportation to your library.
  1503 | D:2      | Found a faded altar of an unknown god.
  1675 | D:2      | Found a runed translucent door.
  1678 | D:2      | Noticed Crazy Yiuf
  2007 | D:2      | Learned a level 3 spell: Confusing Touch
  2011 | D:2      | Learned a level 3 spell: Tukima's Dance
  2016 | D:2      | Killed Crazy Yiuf
  2086 | D:3      | Identified the +1 hand axe "Emiynamo" {heavy, Dex+2 Stlth+}
  2369 | D:3      | You pick up a book of Party Tricks and begin reading...
  2369 | D:3      | You add the spells Jinxbite and Alistair's Intoxication to
                  | your library.
  2499 | D:3      | Found an ornate altar of the Wu Jian Council.
  3201 | D:4      | HP: 7/32 [poisoned by an adder]
  3206 | D:4      | HP: 4/32 [poisoned by an adder]
  3451 | D:4      | Reached XP level 7. HP: 36/36 MP: 11/11
  3463 | D:4      | Found a staircase to the Ecumenical Temple.
  3480 | Temple   | Found a transporter.
  3480 | Temple   | Found a transporter.
  3480 | Temple   | Found a transporter.
  3480 | Temple   | Found a transporter.
  3480 | Temple   | Entered the Ecumenical Temple
  3494 | Temple   | Became a worshipper of Dithmenos the Shadowed
  3522 | D:4      | Identified the +1 quarterstaff of Departure {heavy, rElec
                  | Will+ Str+2 Int+4}
  3548 | D:4      | Found a snail-covered altar of Cheibriados.
  3570 | D:4      | Noticed Ijyb
  3579 | D:4      | Killed Ijyb
  3580 | D:4      | Reached skill level 5 in Short Blades
  3583 | D:4      | HP: 8/36 [sleepcap (7)]
  3589 | D:4      | Reached skill level 2 in Ice Magic
  4028 | D:5      | Entered Level 5 of the Dungeon
  4032 | D:5      | Learned a level 2 spell: Jinxbite
  4159 | D:5      | Reached skill level 5 in Hexes
  4229 | D:5      | Reached skill level 1 in Invocations
  4344 | D:5      | Reached * piety under Dithmenos
  4345 | D:5      | Reached skill level 6 in Stealth
  4345 | D:5      | Reached XP level 8. HP: 41/41 MP: 10/13
  4361 | D:5      | Reached skill level 6 in Short Blades
  4479 | D:5      | Reached skill level 2 in Invocations
  4481 | D:5      | Reached skill level 4 in Spellcasting
  4489 | D:5      | Found a glowing silver altar of Zin.
  4586 | D:5      | Identified the ring "Tiannuzu" {rPois rC+ Will- Dex+6}
  4801 | D:5      | Reached skill level 6 in Hexes
  4801 | D:5      | Reached skill level 3 in Ice Magic
  4933 | D:6      | Reached skill level 7 in Short Blades
  4945 | D:6      | Reached XP level 9. HP: 36/45 MP: 8/15
  5207 | D:6      | Reached skill level 7 in Stealth
  5313 | D:6      | Reached skill level 3 in Invocations
  5368 | D:6      | Noticed Yorgos's ghost (novice OpSh)
  5637 | D:6      | HP: 10/45 [centaur/arrow (14)]
  5638 | D:6      | Shot with an arrow by a centaur

Vanquished Creatures
  Sigmund (D:2)
  2 steam dragons
  An ice beast (D:6)
  3 ogres (D:5)
  A phantom (D:5)
  3 scorpions
  A howler monkey (D:5)
  A jelly (D:5)
  2 hounds
  Crazy Yiuf (D:2)
  2 orc priests
  2 sleepcaps
  Ijyb (D:4)
  2 iguanas (D:5)
  4 orc wizards
  10 adders
  A white imp (D:6)
  2 ufetubi (D:5)
  A worm (D:3)
  4 dart slugs
  9 orcs
  12 ball pythons
  4 endoplasms
  2 giant cockroaches
  13 goblins
  3 hobgoblins (D:4)
  3 jackals (D:4)
  7 quokkas
  9 bats
  5 frilled lizards
  8 kobolds
  5 rats
125 creatures vanquished.

Table legend:
 A = Non-vault XP
 B = Vault XP
 C = Vault XP percentage of total XP
 D = Non-vault monster count
 E = Vault monster count
 F = Vault count percentage of total count
                 A         B        C        D         E       F
            +---------+---------+-------+---------+---------+-------
      Total |    1884 |     479 |  20.3 |     116 |       9 |   7.2
            +---------+---------+-------+---------+---------+-------
        D:1 |      26 |       0 |   0.0 |      17 |       0 |   0.0
        D:2 |      45 |     255 |  85.0 |      20 |       2 |   9.1
        D:3 |      77 |       0 |   0.0 |      26 |       0 |   0.0
        D:4 |     277 |      36 |  11.5 |      28 |       1 |   3.4
        D:5 |     992 |     188 |  15.9 |      18 |       6 |  25.0
        D:6 |     467 |       0 |   0.0 |       7 |       0 |   0.0
            +---------+---------+-------+---------+---------+-------

Skill      XL: |  1  2  3  4  5  6  7  8  9 |
---------------+----------------------------+-----
Short Blades   | 2 4 5 7 |  7.6
Stealth        | 5 6 7 |  7.1
Spellcasting   | 3 4 |  4.7
Hexes          | 4 5 6 |  6.5
Ice Magic      | 1 2 3 |  3.0
Invocations    | 1 2 3 |  3.1
Dodging        | |  2.4

Action                     |  1- 3 |  4- 6 |  7- 9 || total
---------------------------+-------+-------+-------++-------
  Melee: Dagger            |    61 |   117 |   110 ||   288
         Punch             |       |     2 |     1 ||     3
   Cast: Ensorcelled Hiber |       |    12 |    20 ||    32
         Jinxbite          |       |       |     2 ||     2
         Confusing Touch   |       |       |     4 ||     4
    Use: Scroll            |     4 |     5 |     3 ||    12
         Potion            |       |       |     1 ||     1
   Stab: Sleeping          |    12 |    16 |    21 ||    49
         Confused          |       |       |     2 ||     2
 Armour: Robe              |    11 |    30 |    61 ||   102
  Dodge: Dodged            |    45 |    67 |    98 ||   210

Illustrated notes

Table legend:
 A = Kills in this place as a percentage of kills in the entire game.
 B = Kills by you in this place as a percentage of kills by you in the entire game.
 C = Kills by friends in this place as a percentage of kills by friends in the entire game.
 D = Other kills in this place as a percentage of other kills in the entire game.
 E = Experience gained in this place as a percentage of experience gained in the entire game.
 F = Experience gained in this place divided by the number of levels of this place that you have seen.
                   A       B       C       D       E      F
               +-------+-------+-------+-------+-------+----------------------
         Total | 100.0 | 100.0 |   N/A |   N/A | 100.0 | 337.6
       Dungeon | 100.0 | 100.0 |   N/A |   N/A | 100.0 | 393.8
               +-------+-------+-------+-------+-------+----------------------

Table legend: (Time is in decaauts)
 A = Elapsed time spent in this place.
 B = Non-inter-level travel time spent in this place.
 C = Inter-level travel time spent in this place.
 D = Time resting spent in this place.
 E = Time spent auto-exploring this place.
 F = Levels seen in this place.
 G = Mean time per level.
                   A        B        C        D        E       F      G
               +--------+--------+--------+--------+--------+-----+--------+
         Total |   5587 |   5458 |    129 |    400 |   4255 |   7 |  798.1 |
       Dungeon |   5556 |   5436 |    120 |    400 |   4255 |   6 |  926.0 |
        Temple |     30 |     21 |      9 |      0 |      0 |   1 |   30.0 |
               +--------+--------+--------+--------+--------+-----+--------+

Top non-repeatable levels by time:
     D:2: 1197 daAuts
     D:3: 1079 daAuts
     D:5: 1062 daAuts
     D:4: 865 daAuts
     D:1: 857 daAuts
     D:6: 494 daAuts
  Temple: 30 daAuts
